MWL (24 & UNDER)
PLUMSTEAD EAGLES @ EVANSTON ELITISTS
06/13/2028
 
TOP OF THE 1ST
Plumstead Eagles batting - Pitching for Evanston Elitists : RHP Luis Castillo
Pitching: RHP Luis Castillo
Batting: LHB Dennis McConnell 0-0: Foul Ball, location: 2F
0-1: Ball
1-1: Called Strike
1-2: Ball
2-2: Ground out 6-3 (Groundball, 6)
Batting: RHB Carlos Palomón 0-0: Ball
1-0: Called Strike
1-1: SINGLE (Line Drive, 89S)
Batting: RHB Kolomon Meise 0-0: Ball
1-0: Called Strike
1-1: Foul Ball, location: 2F
1-2: Ball
2-2: SINGLE (Line Drive, 4MD)
Carlos Palomón to second
Batting: RHB Wilson Durán 0-0: Grounds into double play, 1-6-3 (Groundball, 13)
Top of the 1st over - 0 run(s), 2 hit(s), 0 error(s), 1 left on base; Plumstead 0 - Evanston 0
BOTTOM OF THE 1ST
Evanston Elitists batting - Pitching for Plumstead Eagles : RHP Paul Orr
Pitching: RHP Paul Orr
Batting: LHB Luis Rodríguez 0-0: Called Strike
0-1: Foul Ball, location: 2F
0-2: Foul Ball, location: 2F
0-2: Ball
1-2: Foul Ball, location: 2F
1-2: Ball
2-2: SINGLE (Groundball, 4MD)
Batting: SHB Jacob Wilcox 0-0: Foul Ball, location: 2F
0-1: Foul Ball, location: 2F
0-2: Grounds into double play, 6-4-3 (Groundball, 6)
Batting: RHB Jorge Calderón 0-0: Foul Ball, location: 2F
0-1: Ball
1-1: Ground out 4-3 (Groundball, 4M)
Bottom of the 1st over - 0 run(s), 1 hit(s), 0 error(s), 0 left on base; Plumstead 0 - Evanston 0
TOP OF THE 2ND
Plumstead Eagles batting - Pitching for Evanston Elitists : RHP Luis Castillo
Batting: RHB Rob Brady 0-0: Ball
1-0: Foul Ball, location: 2F
1-1: Ball
2-1: Ball
3-1: Called Strike
3-2: Base on Balls
Batting: LHB Júlio Lorenzo 0-0: Ball
1-0: Called Strike
1-1: Ball
2-1: SINGLE (Groundball, 4MD)
Rob Brady to second
Batting: LHB Ryan Flynn 0-0: Ball
1-0: Ball
2-0: Ball
3-0: Called Strike
3-1: Fly out, F9 (Flyball, 9D)
Runner from 2nd tags up, SAFE at 3rd, no throw
Batting: RHB Jason Powers 0-0: Ball
1-0: Ball
2-0: Foul Ball, location: 2F
2-1: Ball
3-1: Called Strike
3-2: Foul Ball, location: 2F
3-2: Strikes out swinging
Júlio Lorenzo steals 2nd base
Batter strikes out.
Batting: RHB Lúcio Alfaro 0-0: Called Strike
0-1: Swinging Strike
0-2: Strikes out swinging
Top of the 2nd over - 0 run(s), 1 hit(s), 0 error(s), 2 left on base; Plumstead 0 - Evanston 0
BOTTOM OF THE 2ND
Evanston Elitists batting - Pitching for Plumstead Eagles : RHP Paul Orr
Batting: RHB António Martínez 0-0: Foul Ball, location: 2F
0-1: Called Strike
0-2: Fly out, F7 (Flyball, 7LS)
Batting: LHB Ronald Gordon 0-0: Ball
1-0: Called Strike
1-1: Foul Ball, location: 2F
1-2: Ball
2-2: Foul Ball, location: 2F
2-2: Foul Ball, location: 2F
2-2: Ball
3-2: Foul Ball, location: 2F
3-2: SINGLE (Groundball, 34D)
Batting: LHB Alberto Varela 0-0: SINGLE (Groundball, 34D)
Ronald Gordon to second
Runner from 2nd tries for 3rd, OUT!
Alberto Varela to second
Batting: RHB Miguel Toro 0-0: Ground out 5-3 (Groundball, 56S)
Bottom of the 2nd over - 0 run(s), 2 hit(s), 0 error(s), 1 left on base; Plumstead 0 - Evanston 0
TOP OF THE 3RD
Plumstead Eagles batting - Pitching for Evanston Elitists : RHP Luis Castillo
Batting: LHB Dennis McConnell 0-0: Ball
1-0: Called Strike
1-1: Foul Ball, location: 2F
1-2: Fly out, F7 (Flyball, 7S)
Batting: RHB Carlos Palomón 0-0: Ground out 6-3 (Groundball, 6S)
Batting: RHB Kolomon Meise 0-0: Called Strike
0-1: Called Strike
0-2: Fly out, F4 (Line Drive, 4M)
Top of the 3rd over - 0 run(s), 0 hit(s), 0 error(s), 0 left on base; Plumstead 0 - Evanston 0
BOTTOM OF THE 3RD
Evanston Elitists batting - Pitching for Plumstead Eagles : RHP Paul Orr
Batting: RHB Ron Newcombe 0-0: Called Strike
0-1: Ball
1-1: Ball
2-1: Ball
3-1: Fly out, F8 (Line Drive, 89M)
Batting: LHB Jean-Sébastien Beaudin 0-0: Called Strike
0-1: Bunt for hit - play at first, batter safe!
Batting: LHB Luis Rodríguez 0-0: Called Strike
0-1: Fielders Choice at 2nd, 3-6 (Groundball, 3)
Batting: SHB Jacob Wilcox 0-0: Ball
1-0: Ball
2-0: Called Strike
2-1: Fly out, F7 (Flyball, 7LS)
Bottom of the 3rd over - 0 run(s), 1 hit(s), 0 error(s), 1 left on base; Plumstead 0 - Evanston 0
TOP OF THE 4TH
Plumstead Eagles batting - Pitching for Evanston Elitists : RHP Luis Castillo
Batting: RHB Wilson Durán 0-0: Ball
1-0: Foul Ball, location: 2F
1-1: Ball
2-1: Foul Ball, location: 2F
2-2: Hit by Pitch
Batting: RHB Rob Brady 0-0: Called Strike
0-1: Foul Ball, location: 2F
0-2: Ball
1-2: Foul Ball, location: 2F
1-2: Fly out, F9 (Flyball, 9LS)
Batting: LHB Júlio Lorenzo 0-0: SINGLE (Line Drive, 34)
Wilson Durán to second
Runner from 2nd tries for 3rd, SAFE, throw made to third
Batting: LHB Ryan Flynn 0-0: Ball
1-0: SINGLE (Line Drive, 6M)
Wilson Durán scores
Júlio Lorenzo to second
Batting: RHB Jason Powers 0-0: Called Strike
0-1: Foul Ball, location: 2F
0-2: Foul Ball, location: 2F
0-2: Ball
1-2: SINGLE (Groundball, 6MD)
Júlio Lorenzo to third
Ryan Flynn to second
Runner from 3rd tries for Home, SAFE, no throw
Batting: RHB Lúcio Alfaro 0-0: Called Strike
0-1: SINGLE (Groundball, 6M) (infield hit)
Ryan Flynn to third
Jason Powers to second
Batting: LHB Dennis McConnell 0-0: Foul Ball, location: 2F
0-1: Swinging Strike
0-2: Ball
1-2: Ball
2-2: Foul Ball, location: 2F
2-2: Foul Ball, location: 2F
2-2: Fly out, F8 (Flyball, 8RM)
Batting: RHB Carlos Palomón 0-0: Ball
1-0: Single, Error in OF, E9, batter to second base
Ryan Flynn scores
Jason Powers scores
Lúcio Alfaro to third
Batting: RHB Kolomon Meise 0-0: Ball
1-0: Ball
2-0: Ball
3-0: Base on Balls
Batting: RHB Wilson Durán 0-0: Ball
1-0: Reached on error, E4 (Groundball, 4)
Lúcio Alfaro scores
Carlos Palomón to third
Kolomon Meise to second
Batting: RHB Rob Brady 0-0: Ball
1-0: Foul Ball, location: 2F
1-1: Foul Ball, location: 2F
1-2: DOUBLE (Line Drive, 9LM)
Carlos Palomón scores
Kolomon Meise scores
Wilson Durán to third
Runner from 3rd tries for Home, SAFE, no throw
Pitching: LHP Wilson Ramos
Batting: LHB Júlio Lorenzo 0-0: Ball
1-0: Ball
2-0: Called Strike
2-1: SINGLE (Flyball, 8LS)
Rob Brady to third
Batting: LHB Ryan Flynn 0-0: SINGLE (Flyball, 7LS)
Rob Brady scores
Júlio Lorenzo to second
Batting: RHB Jason Powers 0-0: Swinging Strike
0-1: Ball
1-1: Swinging Strike
1-2: Ball
2-2: Foul Ball, location: 2F
2-2: Strikes out looking
Top of the 4th over - 9 run(s), 8 hit(s), 2 error(s), 2 left on base; Plumstead 9 - Evanston 0
BOTTOM OF THE 4TH
Evanston Elitists batting - Pitching for Plumstead Eagles : RHP Paul Orr
Batting: RHB Jorge Calderón 0-0: Called Strike
0-1: Called Strike
0-2: Foul Ball, location: 2F
0-2: DOUBLE (Line Drive, 78D)
Batting: RHB António Martínez 0-0: Foul Ball, location: 2F
0-1: Fly out, F7 (Flyball, 7)
Batting: LHB Ronald Gordon 0-0: Called Strike
0-1: Swinging Strike
0-2: Ball
1-2: Strikes out looking
Batting: LHB Alberto Varela 0-0: Called Strike
0-1: Foul Ball, location: 2F
0-2: Ball
1-2: Ball
2-2: Ball
Wild Pitch!
Jorge Calderón to third
3-2: Ground out 5-3 (Groundball, 56)
Bottom of the 4th over - 0 run(s), 1 hit(s), 0 error(s), 1 left on base; Plumstead 9 - Evanston 0
TOP OF THE 5TH
Plumstead Eagles batting - Pitching for Evanston Elitists : LHP Wilson Ramos
Batting: RHB Lúcio Alfaro 0-0: Called Strike
0-1: Ball
1-1: Ball
2-1: Foul Ball, location: 2F
2-2: Ball
3-2: Base on Balls
Batting: LHB Dennis McConnell 0-0: Called Strike
0-1: Called Strike
0-2: Ball
Lúcio Alfaro steals 2nd base
1-2: Strikes out swinging
Batting: RHB Carlos Palomón 0-0: Ball
1-0: Ball
2-0: Called Strike
2-1: Ball
3-1: Ground out 6-3 (Groundball, 6)
Lúcio Alfaro to third
Batting: RHB Kolomon Meise 0-0: Called Strike
0-1: Ball
1-1: Ball
2-1: Swinging Strike
2-2: Strikes out swinging, 2-3 out at first.
Top of the 5th over - 0 run(s), 0 hit(s), 0 error(s), 1 left on base; Plumstead 9 - Evanston 0
BOTTOM OF THE 5TH
Evanston Elitists batting - Pitching for Plumstead Eagles : RHP Paul Orr
Batting: RHB Miguel Toro 0-0: Ball
1-0: Called Strike
1-1: Foul Ball, location: 2F
1-2: Fly out, F7 (Flyball, 7S)
Batting: RHB Ron Newcombe 0-0: Ball
1-0: Foul Ball, location: 2F
1-1: Ball
2-1: Ground out 5-3 (Groundball, 5L)
Batting: LHB Jean-Sébastien Beaudin 0-0: Called Strike
0-1: Ball
1-1: SINGLE (Line Drive, 4)
Batting: LHB Luis Rodríguez 0-0: Ball
1-0: Ball
2-0: Foul Ball, location: 2F
2-1: Called Strike
2-2: Ball
3-2: Strikes out looking
Bottom of the 5th over - 0 run(s), 1 hit(s), 0 error(s), 1 left on base; Plumstead 9 - Evanston 0
TOP OF THE 6TH
Plumstead Eagles batting - Pitching for Evanston Elitists : LHP Wilson Ramos
Batting: RHB Wilson Durán 0-0: Foul Ball, location: 2F
0-1: Called Strike
0-2: Ball
1-2: Strikes out swinging
Batting: RHB Rob Brady 0-0: Ground out 6-3 (Groundball, 6)
Batting: LHB Júlio Lorenzo 0-0: Swinging Strike
0-1: Foul Ball, location: 2F
0-2: TRIPLE (Flyball, 9LM)
Batting: LHB Ryan Flynn 0-0: Swinging Strike
0-1: Called Strike
0-2: Foul Ball, location: 2F
0-2: Ball
1-2: Ball
2-2: Foul Ball, location: 2F
2-2: Ball
3-2: Foul Ball, location: 2F
3-2: Strikes out swinging
Top of the 6th over - 0 run(s), 1 hit(s), 0 error(s), 1 left on base; Plumstead 9 - Evanston 0
BOTTOM OF THE 6TH
Evanston Elitists batting - Pitching for Plumstead Eagles : RHP Paul Orr
Batting: SHB Jacob Wilcox 0-0: Ball
1-0: Ground out 6-3 (Groundball, 6)
Batting: RHB Jorge Calderón 0-0: Ball
1-0: Called Strike
1-1: Called Strike
1-2: Foul Ball, location: 2F
1-2: Strikes out swinging
Batting: RHB António Martínez 0-0: Called Strike
0-1: Ball
1-1: Ball
2-1: Foul Ball, location: 2F
2-2: SINGLE (Line Drive, 8LS)
Pitching: LHP Ánibal Barajas
Batting: LHB Ronald Gordon Pickoff Throw to First - Out!
Bottom of the 6th over - 0 run(s), 1 hit(s), 0 error(s), 0 left on base; Plumstead 9 - Evanston 0
TOP OF THE 7TH
Plumstead Eagles batting - Pitching for Evanston Elitists : LHP Wilson Ramos
Batting: RHB Jason Powers 0-0: Called Strike
0-1: Foul Ball, location: 2F
0-2: Ball
1-2: Ball
2-2: Foul Ball, location: 2F
2-2: Ball
3-2: Strikes out swinging
Batting: RHB Lúcio Alfaro 0-0: Called Strike
0-1: Fly out, F7 (Flyball, 7LS)
Batting: LHB Dennis McConnell 0-0: Ball
1-0: Foul Ball, location: 2F
1-1: Called Strike
1-2: Ball
2-2: Foul Ball, location: 2F
2-2: Ball
3-2: Ground out 6-3 (Groundball, 6)
Top of the 7th over - 0 run(s), 0 hit(s), 0 error(s), 0 left on base; Plumstead 9 - Evanston 0
BOTTOM OF THE 7TH
Evanston Elitists batting - Pitching for Plumstead Eagles : LHP Ánibal Barajas
Batting: LHB Ronald Gordon 0-0: Ball
1-0: Ball
2-0: Ball
3-0: Called Strike
3-1: Base on Balls
Batting: LHB Alberto Varela 0-0: Called Strike
0-1: SINGLE (Groundball, 6MD)
Ronald Gordon to second
Batting: RHB Miguel Toro 0-0: Ground out 5-3 (Groundball, 56S)
Ronald Gordon to third
Alberto Varela to second
Batting: RHB Ron Newcombe 0-0: Ball
1-0: Foul Ball, location: 2F
1-1: Ball
2-1: Ball
3-1: Called Strike
3-2: Base on Balls
Batting: LHB Jean-Sébastien Beaudin 0-0: Ball
1-0: Foul Ball, location: 2F
1-1: Ball
2-1: Ball
3-1: Called Strike
3-2: Base on Balls
Ronald Gordon scores
Alberto Varela to third
Ron Newcombe to second
Batting: LHB Luis Rodríguez 0-0: Ball
1-0: Ball
2-0: Swinging Strike
2-1: Fly out, F5 (Popup, 5S)
Batting: SHB Jacob Wilcox 0-0: Ball
1-0: Ball
2-0: Foul Ball, location: 2F
2-1: Ball
3-1: Base on Balls
Alberto Varela scores
Ron Newcombe to third
Jean-Sébastien Beaudin to second
Batting: RHB Jorge Calderón 0-0: Ball
1-0: Swinging Strike
1-1: Foul Ball, location: 2F
1-2: Strikes out swinging
Bottom of the 7th over - 2 run(s), 1 hit(s), 0 error(s), 3 left on base; Plumstead 9 - Evanston 2
TOP OF THE 8TH
Plumstead Eagles batting - Pitching for Evanston Elitists : LHP Wilson Ramos
Batting: RHB Carlos Palomón 0-0: Ball
1-0: Foul Ball, location: 2F
1-1: Called Strike
1-2: Ball
2-2: Ball
3-2: Fly out, F9 (Flyball, 9LS)
Pitching: RHP José Padilla
Batting: RHB Kolomon Meise 0-0: Swinging Strike
0-1: Foul Ball, location: 2F
0-2: Strikes out swinging
Batting: RHB Wilson Durán 0-0: Called Strike
0-1: Foul Ball, location: 2F
0-2: Strikes out looking
Top of the 8th over - 0 run(s), 0 hit(s), 0 error(s), 0 left on base; Plumstead 9 - Evanston 2
BOTTOM OF THE 8TH
Evanston Elitists batting - Pitching for Plumstead Eagles : LHP Ánibal Barajas
Now in LF: Roberto Rodríguez
Batting: RHB António Martínez 0-0: Ball
1-0: Foul Ball, location: 2F
1-1: Ball
2-1: Ball
3-1: Base on Balls
Batting: LHB Ronald Gordon 0-0: Ball
1-0: Foul Ball, location: 2F
1-1: Ball
2-1: Ball
3-1: Base on Balls
António Martínez to second
Batting: LHB Alberto Varela 0-0: Ball
1-0: Ball
2-0: Ball
3-0: Swinging Strike
3-1: Foul Ball, location: 2F
3-2: Foul Ball, location: 2F
3-2: Foul Ball, location: 2F
3-2: Base on Balls
António Martínez to third
Ronald Gordon to second
Batting: RHB Miguel Toro 0-0: Swinging Strike
0-1: Swinging Strike
0-2: Ball
1-2: Foul Ball, location: 2F
1-2: Ball
2-2: Ball
3-2: Base on Balls
António Martínez scores
Ronald Gordon to third
Alberto Varela to second
Batting: RHB Ron Newcombe 0-0: Ball
1-0: Ball
2-0: Called Strike
2-1: Fielders Choice at 2nd, 6-4 (Groundball, 6)
Ronald Gordon scores
Alberto Varela to third
Pitching: RHP Manny Ramos
Batting: LHB Jean-Sébastien Beaudin 0-0: Called Strike
0-1: Foul Ball, location: 2F
0-2: Ball
1-2: Strikes out looking
Batting: LHB Luis Rodríguez 0-0: Ball
1-0: Called Strike
1-1: Foul Ball, location: 2F
1-2: Ball
2-2: Strikes out swinging
Bottom of the 8th over - 2 run(s), 0 hit(s), 0 error(s), 2 left on base; Plumstead 9 - Evanston 4
TOP OF THE 9TH
Plumstead Eagles batting - Pitching for Evanston Elitists : RHP José Padilla
Batting: RHB Rob Brady 0-0: Ball
1-0: Ball
2-0: Called Strike
2-1: Called Strike
2-2: Strikes out swinging
Batting: LHB Júlio Lorenzo 0-0: Called Strike
0-1: Ball
1-1: Foul Ball, location: 2F
1-2: Ball
2-2: Ball
3-2: SINGLE (Line Drive, 78S)
Batting: LHB Ryan Flynn 0-0: Ball
1-0: Ball
2-0: Called Strike
2-1: Foul Ball, location: 2F
2-2: Strikes out swinging
Júlio Lorenzo steals 2nd base
Batter strikes out.
Batting: RHB Jason Powers 0-0: Foul Ball, location: 2F
0-1: Ball
1-1: Foul Ball, location: 2F
1-2: Ground out 6-3 (Groundball, 6)
Top of the 9th over - 0 run(s), 1 hit(s), 0 error(s), 1 left on base; Plumstead 9 - Evanston 4
BOTTOM OF THE 9TH
Evanston Elitists batting - Pitching for Plumstead Eagles : RHP Manny Ramos
Now at 3B: Russell Ewing
Batting: SHB Jacob Wilcox 0-0: Ball
1-0: Fly out, F8 (Flyball, 8RM)
Batting: RHB Jorge Calderón 0-0: Reached on error, E6 (Groundball, 6)
Batting: RHB António Martínez 0-0: Ball
1-0: Ball
2-0: Foul Ball, location: 2F
2-1: Swinging Strike
2-2: Ball
3-2: Strikes out looking
Batting: LHB Ronald Gordon 0-0: Ball
1-0: Foul Ball, location: 2F
1-1: Swinging Strike
1-2: Foul Ball, location: 2F
1-2: Ball
2-2: Strikes out looking
Bottom of the 9th over - 0 run(s), 0 hit(s), 1 error(s), 1 left on base; Plumstead 9 - Evanston 4
Tuesday, August 8th, 2017 - OOTP Baseball 17.12 Build 75